 Dungeon Crawl Stone Soup version 0.26.0-16-gc1dbca0489 (webtiles) character file.

Game seed: 13081009985033452067

108442 FreshCat the Warrior (level 16, -15/162 HPs)
             Began as a Hill Orc Monk on Jan 19, 2021.
             Was the Champion of Beogh.
             Blown up by an orb spider (45 damage)
             ... with an orb of destruction
             ... on level 1 of the Spider Nest.
             The game lasted 02:58:11 (29180 turns).

FreshCat the Warrior (Hill Orc Monk)               Turns: 29180, Time: 02:58:12

Health: -15/162    AC: 20    Str: 27    XL:     16   Next: 49%
Magic:  30/30      EV: 22    Int: 10    God:    Beogh [******]
Gold:   2331       SH:  6    Dex: 23    Spells: 15/15 levels left

rFire    . . .     SeeInvis .   i - +5 war axe (distort)
rCold    + + +     Faith    +   Y - +0 buckler "Rosyzaub" {Slay+3}
rNeg     . . .     Spirit   .   T - +3 steam dragon scales
rPois    .         Reflect  .   M - +2 helmet of Skepticism {-Cast Harm +Fly rC++}
rElec    .         Harm     +   G - +2 cloak
rCorr    .         Rampage  .   R - +2 pair of gloves
Will     +++..     NoCast   +   h - +1 pair of boots
Stlth    +++.......             v - amulet of faith
HPRegen  0.37/turn              k - ring of Rires {rC+ Will++ MP+9 Dex+4}
MPRegen  0.22/turn              A - ring "Aqoell" {Str+6 Dex+6}

@: lethally poisoned (-15 -> -23), studying Fighting
A: walk on water
a: Renounce Religion, Evoke Flight, Smiting, Recall Orcish Followers, Give Item
to Named Follower, Resurrection


You were on level 1 of the Spider Nest.
You worshipped Beogh.
Beogh was exalted by your worship.
You visited 4 branches of the dungeon, and saw 24 of its levels.
You also visited: Ossuary, Bailey and Gauntlet.

You collected 3268 gold pieces.
You spent 937 gold pieces at shops.

Inventory:

Hand Weapons
 d - the +7 spear of the Sky {freeze, Str+3}
   (You found it on level 6 of the Lair of Beasts)

   It has been specially enchanted to freeze those struck by it, causing extra
   injury to most foes and up to half again as much damage against particularly
   susceptible opponents.
   It can also slow down cold-blooded creatures.
   It affects your strength (+3).
 i - a +5 war axe of distortion (weapon)
 l - a +2 war axe of flaming
 m - a +0 vampiric demon whip
 r - a +0 battleaxe of flaming
Missiles
 j - 19 silver javelins
 s - a javelin (quivered)
 y - 27 poisoned darts
 C - 78 boomerangs
Armour
 h - a +1 pair of boots (worn)
 G - a +2 cloak (worn)
 M - the +2 helmet of Skepticism (worn) {-Cast Harm +Fly rC++}
   (You found it in a Gauntlet)

   It greatly protects you from cold.
   It lets you fly.
   It prevents spellcasting.
   It increases damage dealt and taken.
 R - a +2 pair of gloves (worn)
 T - +3 steam dragon scales (worn)
 Y - the +0 buckler "Rosyzaub" (worn) {Slay+3}
   (You found it on level 9 of the Dungeon)

   It affects your accuracy and damage with ranged weapons and melee attacks
   (+3).
Jewellery
 k - the ring of Rires (left hand) {rC+ Will++ MP+9 Dex+4}
   (You found it on level 14 of the Dungeon)

   [ring of magical power]

   It affects your dexterity (+4).
   It protects you from cold.
   It affects your willpower, your defense against some magical effects.
   It affects your magic capacity (+9).
 v - an amulet of faith (around neck)
 A - the ring "Aqoell" (right hand) {Str+6 Dex+6}
   (You bought it in a shop on level 2 of the Orcish Mines)

   [ring of strength]

   It affects your strength (+6).
   It affects your dexterity (+6).
 J - the ring "Ehanulom" {SInv Stlth+}
   (You found it in a Gauntlet)

   [ring of see invisible]

   It lets you see invisible.
   It makes you more stealthy.
 K - the ring of Xeonimpi {rC+ rCorr Int+4}
   (You found it on level 6 of the Lair of Beasts)

   [ring of resist corrosion]

   It affects your intelligence (+4).
   It protects you from cold.
   It provides partial protection from all sources of acid and corrosion.
 Q - an uncursed ring of protection from fire
Wands
 n - a wand of random effects (62)
 O - a wand of iceblast (23)
 P - a wand of acid (28)
 S - a wand of digging (8)
 V - a wand of flame (52)
Scrolls
 c - 11 scrolls of teleportation
 e - a scroll of magic mapping
 f - 3 scrolls of identify
 g - 14 scrolls of remove curse
 p - 5 scrolls of fog
 x - a scroll of holy word
 E - a scroll of blinking
 F - 3 scrolls of summoning
Potions
 a - a potion of cancellation
 b - 2 potions of resistance
 o - 2 potions of invisibility
 t - 12 potions of curing
 u - 2 potions of berserk rage
 w - 4 potions of heal wounds
 z - 4 potions of might
 I - 4 potions of haste
Books
 q - a manual of Fighting
Miscellaneous
 N - a phial of floods
 X - a condenser vane


   Skills:
 + Level 19.8 Fighting
 - Level 16.0 Axes
 + Level 11.4 Throwing
 + Level 4.6 Armour
 + Level 10.5 Dodging
 - Level 4.0 Stealth
 - Level 4.0 Shields
 + Level 6.9 Invocations
 + Level 6.3 Evocations


You had 15 spell levels left.
You didn't know any spells.
Your spell library contained the following spells:

 Spells                   Type           Power        Failure   Level
 Animate Skeleton         Necr           0%           36%         1
 Apportation              Tloc           0%           36%         1
 Corona                   Hex            0%           36%         1
 Magic Dart               Conj           0%           36%         1
 Pain                     Necr           0%           36%         1
 Sandblast                Erth           0%           36%         1
 Summon Small Mammal      Summ           0%           36%         1
 Ensorcelled Hibernation  Hex/Ice        0%           50%         2
 Passwall                 Tmut/Erth      0%           50%         2
 Searing Ray              Conj           0%           50%         2
 Slow                     Hex            0%           50%         2
 Confusing Touch          Hex            0%           75%         3
 Dazzling Flash           Conj/Hex       0%           75%         3
 Gell's Gravitas          Tloc           0%           75%         3
 Inner Flame              Hex/Fire       0%           75%         3
 Portal Projectile        Hex/Tloc       0%           75%         3
 Stone Arrow              Conj/Erth      0%           75%         3
 Tukima's Dance           Hex            0%           75%         3
 Vampiric Draining        Necr           0%           75%         3
 Animate Dead             Necr           0%           98%         4
 Cause Fear               Hex            0%           98%         4
 Fulminant Prism          Conj/Hex       0%           98%         4
 Iskenderun's Mystic Bla  Conj/Tloc      0%           98%         4
 Leda's Liquefaction      Hex/Erth       0%           98%         4
 Petrify                  Tmut/Erth      0%           98%         4
 Agony                    Necr           0%           100%        5
 Lee's Rapid Deconstruct  Erth           0%           100%        5
 Metabolic Englaciation   Hex/Ice        0%           100%        5
 Summon Demon             Summ           0%           100%        5
 Summon Forest            Summ/Tloc      0%           100%        5
 Summon Mana Viper        Hex/Summ       0%           100%        5
 Yara's Violent Unravell  Hex/Tmut       0%           100%        5
 Shadow Creatures         Summ           N/A          100%        6
 Summon Hydra             Summ           0%           100%        7


Dungeon Overview and Level Annotations

Branches:
Dungeon (15/15)            Temple (0/1) D:5            Lair (6/6) D:9
 Shoals (0/4) Lair:4       Spider (1/4) Lair:4        Slime (0/5) Lair:6
    Orc (2/2) D:12            Elf (0/3) Orc:2        Vaults (0/5) D:13
 Depths (0/5) D:15        Ossuary (visited)          Bailey (visited)
Gauntlet (visited)

Altars:
Cheibriados
Dithmenos
Fedhas
Hepliaklqana
Nemelex Xobeh
Qazlal
Ru
Trog
Uskayaw
The Shining One

Shops:
D:7 }   D:9 *   Orc:2 =?:[

Annotations:
D:2 Sigmund
D:9 2 transporters, mitiashka's ghost, novice DDFi
D:10 2 transporters, Sonja
D:11 4 runed translucent doors
Abyss:1 Erolcha


Message History

There are monsters nearby!
You feel sick.
You see here a wolf spider corpse.
You are too injured to fight recklessly!
You feel sick.
You feel sick.
You feel sick.
The orb spider spins a strand of pure energy.
You feel sick.
The orb spider weaves a glowing orb of energy.
An orb of destruction comes into view.
What are your orders? t - Shout!
Orders for allies: a - Attack new target. r - Retreat! s - Stop attacking. g - Guard the area. f - Follow me.
Anything else - Cancel.
Follow me!
You feel sick.
You feel sick. The orb of destruction hits you!!!
You die...

...........................
.(..................#.....
.................#..^...
...(....................
...[....#....#...^#...#.
.....#......†....s#.....
#..........†...o...^....
..#........†s○.......#
........##....☼○@.#...
...#....................
.....#...#......>..#.^.#
#....#....(.#....(.....#
#....##.^#......#>.#...#
##.....#..##.....####.^.
#...###. ...... ..# #^##
.#..... .. ##


You could see 2 orb spiders and the friendly Norbak the orc knight.

Vanquished Creatures
  Rupert (Spider:1)
  Asterion (Spider:1)
  An emperor scorpion (Spider:1)
  An entropy weaver (Lair:6)
  The ghost of lawnmower the Grappler, a journeyman TrMo of Makhleb (D:14)
  A minotaur (Gauntlet)
  A yaktaur captain (D:15)
  A death ooze (Gauntlet)
  A boulder beetle (D:11)
  Fannar (Orc:1)
  5 hydras
  2 catoblepae
  Erica (D:9)
  2 centaur warriors (D:15)
  11 two-headed ogres
  4 death yaks
  2 ogre magi (Orc:2)
  A queen ant (Lair:6)
  A hell knight (D:15)
  2 unseen horrors
  An orc knight (Bailey)
  An orb spider (Spider:1)
  11 ugly things
  2 wolf spiders (Spider:1)
  3 cyclopes
  A wolf spider zombie (D:14)
  4 oklob plants (Lair:6)
  2 manticores
  A worldbinder (Gauntlet)
  5 elephants
  A centaur zombie (D:14)
  3 black mambas
  A torpor snail (Spider:1)
  Maggie (D:8)
  11 cane toads
  7 komodo dragons
  A yaktaur (D:15)
  A minotaur zombie (Gauntlet)
  A redback zombie (D:14)
  A demonic crawler (Spider:1)
  2 rime drakes (Lair:6)
  2 tengu conjurers (D:15)
  2 jumping spiders
  8 trolls
  4 polar bears
  2 tyrant leeches (Lair:6)
  11 blink frogs
  A meliai zombie (D:12)
  4 dream sheep (Lair:6)
  12 redbacks (Spider:1)
  A vampire (D:11)
  3 large abominations (Gauntlet)
  28 yaks
  A tarantella (Spider:1)
  A water elemental (D:13)
  3 wraiths
  3 basilisks
  4 wyverns
  6 vampire mosquitoes
  8 humans (D:13)
  2 wargs
  Menkaure (D:5)
  17 soldier ants
  11 water moccasins
  An acid dragon (D:15)
  4 small abominations (Gauntlet)
  A phantom (D:12)
  5 ice beasts
  2 sky beasts
  A hornet zombie (D:7)
  4 necrophages
  9 orc warriors
  5 black bears
  29 ogres
  2 centaurs (D:11)
  10 wolves
  A boggart (Gauntlet)
  3 big kobolds
  19 bullfrogs
  4 gnoll sergeants
  A wyvern zombie (D:12)
  3 water moccasin zombies (Ossuary)
  A scorpion (D:11)
  13 killer bees
  13 wights
  5 electric eels (D:12)
  4 howler monkeys
  3 bullfrog zombies
  A quasit (D:6)
  5 hounds
  A gnoll shaman (Orc:1)
  14 jellies
  5 orc priests
  2 bullfrog skeletons
  5 orc wizards
  Jessica (D:2)
  5 iguanas
  Natasha (twice) (D:2)
  17 worker ants
  2 killer bee zombies
  3 big kobold zombies (Ossuary)
  A hound zombie (D:6)
  A hound skeleton (D:8)
  2 mummies (Ossuary)
  A howler monkey zombie (D:6)
  Robin (D:2)
  15 gnolls
  13 adders
  A shadow imp (D:8)
  5 white imps
  2 ufetubi
  3 oozes
  2 adder zombies (Ossuary)
  2 adder skeletons
  2 worms
  A dart slug (D:1)
  5 leopard geckos
  11 orcs
  2 giant cockroaches
  21 goblins
  3 hobgoblins
  8 jackals
  23 kobolds
  2 quokkas
  2 ball pythons
  3 bats
  2 frilled lizards
  5 gnoll zombies (Ossuary)
  3 hobgoblin zombies (Ossuary)
  6 kobold zombies (Ossuary)
  6 orc zombies (Ossuary)
  5 rats
602 creatures vanquished.

Vanquished Creatures (collateral kills)
  2 vault guards (D:13)
  2 ogre magi (Orc:2)
  A catoblepas (Lair:6)
  A centaur warrior (D:13)
  5 hydras
  A death yak (Lair:5)
  3 two-headed ogres
  An orc knight (Orc:1)
  A moth of wrath (Spider:1)
  4 elephants
  4 black mambas
  7 cane toads
  A torpor snail (Spider:1)
  Joseph (D:8)
  4 trolls
  A jumping spider (Spider:1)
  2 polar bears
  6 blink frogs
  2 tyrant leeches (Lair:6)
  Grinder (D:3)
  A snapping turtle (Lair:4)
  3 dream sheep (Lair:6)
  2 redbacks (Spider:1)
  A shadow (D:11)
  A wraith (D:11)
  16 yaks
  2 wyverns
  A human (D:13)
  4 vampire mosquitoes
  6 soldier ants (Lair:6)
  5 water moccasins
  An ice beast (D:13)
  A black bear (D:11)
  2 centaurs
  8 ogres
  5 wolves
  A wyvern zombie (D:9)
  5 bullfrogs
  A wyvern skeleton (D:12)
  2 scorpions
  3 killer bees
  A wight (D:12)
  An electric eel (D:9)
  2 centaur zombies
  6 hounds
  A jelly (Lair:6)
  2 orc priests (Orc:1)
  4 orc wizards
  6 worker ants
  A worker ant zombie (D:3)
  2 gnolls (D:12)
  A howler monkey skeleton (D:11)
  A white imp (D:10)
  An ufetubus (D:13)
  An ooze (Lair:6)
  An adder zombie (D:5)
  A leopard gecko (D:3)
  12 orcs
  A giant cockroach (D:5)
  A hobgoblin (Bailey)
  4 kobolds (Bailey)
  A quokka (D:11)
  A bat (D:3)
  A frilled lizard (D:3)
  A quokka zombie (D:9)
175 creatures vanquished.

Vanquished Creatures (others)
  An orc high priest (Lair:6)
  3 orc knights
  2 orc sorcerers (Lair:6)
  7 orc warriors
  A human (D:13)
  4 orc priests
  4 orc wizards
  An adder (D:12)
  39 orcs
  A goblin (D:3)
  A hobgoblin (D:3)
  A frilled lizard (D:3)
  A kobold (D:3)
  A rat (D:3)
  48 fungi
  183 plants
298 creatures vanquished.

Grand Total: 1075 creatures vanquished

Notes
Turn   | Place    | Note
-------+----------+-------------------------------------------
     0 | D:1      | FreshCat the Hill Orc Monk began the quest for the Orb.
     0 | D:1      | Reached XP level 1. HP: 19/19 MP: 1/1
   239 | D:1      | Reached skill level 4 in Fighting
   239 | D:1      | Reached XP level 2. HP: 24/27 MP: 2/2
   929 | D:2      | Reached XP level 3. HP: 30/33 MP: 3/3
   965 | D:2      | Noticed Sigmund
  1026 | D:2      | You fall into a shaft and drop 2 floors!
  1035 | D:3      | Became a worshipper of Beogh the Brigand
  1035 | D:3      | Reached * piety under Beogh
  1035 | D:3      | Reached ** piety under Beogh
  1240 | D:2      | Noticed Jessica
  1253 | D:2      | Killed Jessica
  1254 | D:2      | Reached XP level 4. HP: 21/41 MP: 4/4
  1578 | D:2      | Noticed Robin
  1608 | D:2      | Reached skill level 5 in Axes
  1633 | D:2      | Reached skill level 1 in Armour
  1639 | D:2      | Killed Robin
  1964 | D:2      | Reached XP level 5. HP: 47/47 MP: 5/5
  2118 | D:2      | Noticed Natasha
  2131 | D:2      | Killed Natasha
  2252 | D:3      | Found a hazy altar of Hepliaklqana.
  2256 | D:3      | Noticed Grinder
  2315 | D:4      | Reached skill level 5 in Fighting
  2606 | D:4      | Reached XP level 6. HP: 54/56 MP: 6/6
  2855 | D:5      | Entered Level 5 of the Dungeon
  2874 | D:5      | Noticed Menkaure
  2879 | D:5      | Found a sand-covered staircase.
  2887 | Ossuary  | Entered an ossuary
  2924 | Ossuary  | Reached *** piety under Beogh
  3126 | Ossuary  | Reached XP level 7. HP: 49/61 MP: 7/7
  3323 | Ossuary  | Reached skill level 1 in Throwing
  4092 | D:4      | Found a bloodstained altar of Trog.
  4317 | D:4      | Reached skill level 6 in Fighting
  4327 | D:4      | Found a glowing golden altar of the Shining One.
  4802 | D:3      | Killed Grinder
  4841 | D:3      | Found a sacrificial altar of Ru.
  5156 | D:5      | Reached **** piety under Beogh
  5250 | D:5      | Found a staircase to the Ecumenical Temple.
  5332 | D:5      | Reached XP level 8. HP: 70/70 MP: 8/8
  5858 | D:5      | Found a shadowy altar of Dithmenos.
  6547 | D:6      | Found a snail-covered altar of Cheibriados.
  6671 | D:6      | Reached skill level 1 in Evocations
  7040 | D:6      | Reached skill level 10 in Axes
  7147 | D:6      | Reached XP level 9. HP: 78/78 MP: 9/9
  7398 | D:5      | Killed Menkaure
  7730 | D:2      | Noticed Natasha
  7736 | D:2      | Killed Natasha
  8007 | D:7      | Found a sparkling altar of Nemelex Xobeh.
  8022 | D:7      | Found a stormy altar of Qazlal.
  8109 | D:7      | Found a hide-covered altar of Uskayaw.
  8170 | D:7      | Gained Judas as an ally
  8171 | D:7      | Reached skill level 7 in Fighting
  8196 | D:7      | Found Erallobu's Gadget Boutique.
  8437 | D:8      | Noticed Maggie
  8726 | D:8      | Killed Maggie
  8727 | D:8      | Reached skill level 1 in Invocations
  8959 | D:8      | Noticed Joseph
  8975 | D:8      | Killed Joseph
  9135 | D:9      | Noticed a troll
  9152 | D:9      | Killed a troll
  9232 | D:9      | Reached XP level 10. HP: 61/88 MP: 11/11
  9449 | D:9      | Reached skill level 8 in Fighting
  9459 | D:9      | Reached skill level 1 in Shields
  9487 | D:9      | Found a staircase to the Lair.
  9676 | D:10     | Entered Level 10 of the Dungeon
  9719 | D:9      | Found a transporter.
  9721 | D:9      | Noticed mitiashka's ghost (novice DDFi)
  9722 | D:9      | Noticed a two-headed ogre
  9734 | D:9      | Found a transporter.
  9945 | D:9      | Got a scorched buckler
  9946 | D:9      | Identified the +0 buckler "Rosyzaub" {Slay+3} (You found it
                  | on level 9 of the Dungeon)
 10002 | D:9      | Noticed Erica
 10013 | D:9      | Killed Erica
 10125 | D:9      | Found Yntu's General Store.
 10284 | D:10     | Reached ***** piety under Beogh
 10412 | D:11     | Noticed a four-headed hydra
 10438 | D:11     | Found a flagged portal.
 10439 | D:11     | Noticed a boulder beetle
 10514 | D:11     | Killed a boulder beetle
 10581 | Bailey   | Entered a bailey
 10603 | Bailey   | Noticed an orc knight
 10605 | Bailey   | Noticed an orc knight
 10904 | Bailey   | Killed an orc knight
 11113 | Bailey   | Reached skill level 9 in Fighting
 11113 | Bailey   | Reached XP level 11. HP: 84/97 MP: 13/13
 11199 | D:11     | Gained Warbeogh as an ally
 11223 | D:11     | Killed a four-headed hydra
 11223 | D:11     | Was placed under penance by Beogh
 11224 | D:11     | Reached skill level 5 in Throwing
 11377 | D:10     | Found a transporter.
 11380 | D:10     | Noticed a moth of wrath
 11410 | D:10     | Found a transporter.
 11422 | D:10     | Noticed a manticore
 11443 | D:10     | Noticed Sonja
 11452 | D:10     | Noticed a two-headed ogre
 11468 | D:10     | Killed a two-headed ogre
 12194 | D:11     | Noticed a cyclops
 12210 | D:11     | Killed a cyclops
 12250 | D:11     | Found a large runed translucent door.
 12250 | D:11     | Found a large runed translucent door.
 12251 | D:11     | Was forgiven by Beogh
 12255 | D:11     | Your ally Warbeogh died
 12266 | D:11     | Reached skill level 10 in Fighting
 12291 | D:11     | Noticed a five-headed hydra
 12299 | D:11     | Killed a five-headed hydra
 12353 | D:11     | Noticed a skeletal warrior
 12359 | D:11     | Found a large runed translucent door.
 12359 | D:11     | Found a large runed translucent door.
 12395 | D:11     | Reached skill level 15 in Axes
 12924 | D:11     | Noticed a brown ugly thing
 12934 | D:11     | Killed a brown ugly thing
 13057 | D:11     | Noticed a fire crab
 13057 | D:11     | a troll changed into a fire crab
 13077 | D:11     | Noticed a cyclops
 13077 | D:11     | a fire crab changed into a cyclops
 13216 | Lair:1   | Entered Level 1 of the Lair of Beasts
 13324 | Lair:1   | Noticed a four-headed hydra
 13341 | Lair:1   | Killed an eight-headed hydra
 13342 | Lair:1   | Reached skill level 11 in Fighting
 13544 | Lair:1   | Reached XP level 12. HP: 101/110 MP: 15/15
 14212 | Lair:2   | Noticed a six-headed hydra
 14217 | Lair:2   | Killed a seven-headed hydra
 14412 | Lair:2   | Reached skill level 12 in Fighting
 14495 | Lair:2   | Reached skill level 5 in Evocations
 14664 | Lair:2   | Noticed a five-headed hydra
 14674 | Lair:2   | Killed a six-headed hydra
 15091 | Lair:3   | Found a gate leading to a gauntlet.
 15156 | Gauntlet | Entered a Gauntlet
 15156 | Gauntlet | Found a transporter.
 15156 | Gauntlet | Found a transporter.
 15168 | Gauntlet | Found a transporter.
 15172 | Gauntlet | Found a transporter.
 15176 | Gauntlet | Found a runed translucent door.
 15176 | Gauntlet | Found a runed translucent door.
 15180 | Gauntlet | Found a transporter.
 15184 | Gauntlet | Found a transporter.
 15193 | Gauntlet | Found a transporter.
 15212 | Gauntlet | Found a transporter.
 15213 | Gauntlet | Noticed a thrashing horror
 15217 | Gauntlet | Noticed a thrashing horror
 15234 | Gauntlet | Found a transporter.
 15234 | Gauntlet | Found a transporter.
 15234 | Gauntlet | Noticed a death ooze
 15245 | Gauntlet | Found a transporter.
 15247 | Gauntlet | Found a runed translucent door.
 15247 | Gauntlet | Found a transporter.
 15381 | Gauntlet | Killed a death ooze
 15387 | Gauntlet | Got a blackened helmet
 15400 | Gauntlet | Identified the +2 helmet of Skepticism {-Cast Harm +Fly
                  | rC++} (You found it in a Gauntlet)
 15435 | Gauntlet | Got a smoking granite ring
 15445 | Gauntlet | Reached skill level 13 in Fighting
 15555 | Gauntlet | Identified the ring "Ehanulom" {SInv Stlth+} (You found it
                  | in a Gauntlet)
 15572 | Gauntlet | Noticed a minotaur
 15582 | Gauntlet | Killed a minotaur
 16231 | Lair:3   | Noticed a catoblepas
 16245 | Lair:3   | Banished a catoblepas
 16246 | Lair:3   | Reached XP level 13. HP: 109/123 MP: 16/16
 16345 | Lair:3   | Reached skill level 14 in Fighting
 16793 | Lair:4   | Reached ****** piety under Beogh
 16794 | Lair:4   | Reached skill level 5 in Invocations
 16966 | Lair:4   | Found a hole to the Spider Nest.
 17254 | Lair:4   | Found a staircase to the Shoals.
 17627 | Lair:5   | Reached skill level 5 in Dodging
 17841 | Lair:5   | Reached skill level 15 in Fighting
 18002 | Lair:6   | Entered Level 6 of the Lair of Beasts
 18717 | Lair:6   | Gained Bogrim as an ally
 18813 | Lair:6   | Your ally Bogrim died
 18820 | Lair:6   | Reached XP level 14. HP: 8/136 MP: 18/18
 19319 | Lair:5   | Reached skill level 16 in Fighting
 20098 | Lair:6   | Got a wavering wooden ring
 20099 | Lair:6   | Identified the ring of Xeonimpi {rC+ rCorr Int+4} (You
                  | found it on level 6 of the Lair of Beasts)
 20289 | Lair:6   | Found a staircase to the Slime Pits.
 20325 | Lair:6   | Noticed an entropy weaver
 20343 | Lair:6   | Your ally Judas died
 20346 | Lair:6   | Banished an entropy weaver
 20346 | Lair:6   | Noticed an entropy weaver
 20349 | Lair:6   | Reached skill level 17 in Fighting
 20360 | Lair:6   | Gained Bogbrand as an ally
 20363 | Lair:6   | Killed an entropy weaver
 20364 | Lair:6   | Your ally Bogbrand died
 21545 | Lair:6   | Got an encrusted spear
 22078 | D:12     | Reached XP level 15. HP: 145/145 MP: 19/19
 22409 | D:12     | Noticed Erolcha
 22425 | D:12     | Banished Erolcha
 22561 | D:12     | Found a staircase to the Orcish Mines.
 23304 | D:13     | Gained Brunolf as an ally
 23307 | D:13     | Identified the +7 spear of the Sky {freeze, Str+3} (You
                  | found it on level 6 of the Lair of Beasts)
 23819 | D:13     | Gained Okrist as an ally
 23924 | D:13     | Found a gate to the Vaults.
 24691 | D:14     | Found a runed translucent door.
 24695 | D:14     | Noticed lawnmower's ghost (journeyman TrMo)
 25021 | D:14     | Killed lawnmower's ghost
 25022 | D:14     | Reached skill level 18 in Fighting
 25032 | D:14     | Got a coiled lead ring
 25258 | D:15     | Entered Level 15 of the Dungeon
 25280 | D:15     | Gained Wardok as an ally
 25521 | D:15     | Got an ichor-stained leather armour
 25530 | D:15     | Found a blossoming altar of Fedhas.
 25841 | D:15     | Found a staircase to the Depths.
 25857 | D:15     | Identified the +2 leather armour of the Shrike {rC+ Str+2
                  | SInv Stlth-} (You found it on level 15 of the Dungeon)
 25858 | D:15     | Identified the ring of Rires {rC+ Will++ MP+9 Dex+4} (You
                  | found it on level 14 of the Dungeon)
 26103 | D:15     | Reached skill level 10 in Throwing
 26114 | D:15     | Identified a scroll of acquirement
 26115 | D:15     | Acquired a manual of Fighting
 26417 | Orc:1    | Entered Level 1 of the Orcish Mines
 26445 | Orc:1    | Noticed Fannar
 26460 | Orc:1    | Killed Fannar
 26611 | Orc:2    | Entered Level 2 of the Orcish Mines
 26916 | Orc:2    | Found a staircase to the Elven Halls.
 26953 | Orc:2    | Gained Garbold as an ally
 27083 | Orc:2    | Reached skill level 10 in Dodging
 27157 | Orc:2    | Reached skill level 19 in Fighting
 27157 | Orc:2    | Reached XP level 16. HP: 160/160 MP: 21/21
 27287 | Orc:2    | Found Bejago's Antique Armour Shop.
 27287 | Orc:2    | Found Liuros's Magic Scroll Emporium.
 27289 | Orc:2    | Found Qirphy's Book Emporium.
 27289 | Orc:2    | Found Xateho's Jewellery Boutique.
 28265 | Orc:2    | Bought the ring "Aqoell" {Str+6 Dex+6} for 937 gold pieces
 28607 | Spider:1 | Entered Level 1 of the Spider Nest
 28666 | Spider:1 | Noticed Asterion
 28680 | Spider:1 | Your ally Brunolf died
 28683 | Spider:1 | Killed Asterion
 29031 | Spider:1 | Noticed Rupert
 29035 | Spider:1 | Killed Rupert
 29160 | Spider:1 | Gained Norbak as an ally
 29180 | Spider:1 | Blown up by an orb spider

Illustrated notes

Levels and vault maps discovered:
D:1:      zaba_arrival_water, layout_loops_cross, minmay_vboxes
D:2:      layout_loops_ring, uniq_jessica, uniq_robin, uniq_natasha,
          uniq_sigmund
D:3:      layout_rooms, overflow_temple_1_default, nicolae_ru_awakened_eye,
          uniq_grinder
D:4:      layout_layer_cave, kennysheep_mini, bloody_trog, serial_bayou,
          serial_bayou_pond_e, serial_bayou_lake_a, serial_bayou_lagoon_b,
          serial_bayou_pond_e, serial_bayou_pond_a, serial_bayou_pond_c,
          grunt_ministairs_14
D:5:      layout_loops_cross, temple_fountains, nicolae_ossuary_entry_plus,
          nicolae_dithmenos_the_darkroom, uniq_menkaure
D:6:      layout_cave_pods, cheibriados_altar_1
D:7:      layout_rooms, lemuel_coloured_pillars_altar,
          nemelex_xobeh_ov_fountains_minmay, serial_shops, shop,
          serial_bayou_lagoon_a, nicolae_qazlal_style_of_elements
D:8:      layout_layer_cave, uniq_maggie, uniq_joseph
D:9:      layout_loops_ring, erik_lair_island, gammafunk_ghost_smash,
          serial_shops, kennysheep_little_box, uniq_erica
D:10:     layout_loops_ring, gammafunk_ghost_berserking_beasts,
          nicolae_lava_and_water, uniq_sonja
D:11:     layout_basic, enter_bailey_5, minmay_hollow_rounded_squares
D:12:     layout_basic, kennysheep_orc_monster_closet_entryway, uniq_erolcha
D:13:     layout_roguey, ximxim_vaults_locker_room, serial_ice, serial_ice_i,
          serial_ice_n, serial_ice_c, serial_ice_e
D:14:     layout_long_grid, ebering_ghost_inner_flame,
          hangedman_abyss_or_decor_slice
D:15:     hangedman_depths_entry_civil_slaughter, layout_loops_ring,
          fedhas_altar_3, minmay_misc_feat_plants
Lair:1:   layout_roguey
Lair:2:   layout_cave_pods
Lair:3:   layout_cave_shapes, gauntlet_entry_generic
Lair:4:   layout_long_grid, minmay_shoals_entry_hut, spider_nest_entry_rubble,
          st_stairs_9, grunt_megastairs_2, infiniplex_staircase_pool_2
Lair:5:   layout_regular_city, beast_lair_carwin_4, serial_bayou_shore_b
Lair:6:   minmay_lair_end_frog_pond, layout_regular_city,
          minmay_slime_entry_jelly_boxes, serial_forest,
          infiniplex_forest_clump_tiny, infiniplex_forest_end_3,
          infiniplex_forest_lined_3, infiniplex_forest_lined_2,
          infiniplex_forest_lined_room_2, infiniplex_forest_corner_1,
          minmay_stone_trees_medium, minivault_29, minmay_lair_oklob_chamber
Spider:1: layout_spider_delve, uniq_asterion, uniq_rupert
Orc:1:    layout_caves, uniq_fannar
Orc:2:    st_orc_ogre_mass, layout_caves

Skill      XL: |  1  2  3  4  5  6  7  8  9 10 11 12 13 14 15 16 |
---------------+-------------------------------------------------+-----
Fighting       | 4 5 6 7 9 11 13 15 17 19 | 19.8
Axes           | 5 6 8 10 12 13 15 16 | 16.0
Armour         | 1 2 3 4 |  4.6
Dodging        | 3 4 6 8 10 | 10.5
Stealth        | 2 3 4 |  4.0
Throwing       | 1 2 3 4 5 6 8 9 10 11 | 11.4
Evocations     | 1 4 5 6 |  6.3
Invocations    | 2 3 4 5 6 |  6.9
Shields        | 3 4 |  4.0

Action                   |  1- 3 |  4- 6 |  7- 9 | 10-12 | 13-15 | 16-18 || total
-------------------------+-------+-------+-------+-------+-------+-------++-------
Melee: Hand axe          |    97 |   299 |   488 |   439 |       |       ||  1323
       War axe           |       |       |    41 |   224 |   704 |    72 ||  1041
Throw: Stone             |    13 |    20 |     5 |     1 |       |       ||    39
       Dart              |       |       |    10 |    11 |    16 |       ||    37
       Boomerang         |       |       |    31 |    25 |    47 |       ||   103
       Throwing net      |       |       |       |     4 |       |       ||     4
       Javelin           |       |       |       |     3 |    62 |    52 ||   117
Invok: Convert to Beogh  |     1 |       |       |       |       |       ||     1
       Recall Orcish Fol |       |       |     5 |    13 |    17 |     2 ||    37
       Smiting           |       |       |     1 |     2 |       |       ||     3
       Give Item to Name |       |       |       |     1 |     4 |       ||     5
       Stop Recall       |       |       |       |     2 |     6 |     1 ||     9
 Abil: Evoke Flight      |       |       |       |     2 |     3 |       ||     5
Evoke: Wand              |       |       |    10 |    27 |     8 |       ||    45
  Use: Scroll            |     5 |       |    18 |    16 |    18 |     1 ||    58
       Potion            |       |       |       |     3 |     3 |       ||     6
 Stab: Sleeping          |     1 |     1 |     3 |     7 |    11 |       ||    23
       Distracted        |     1 |       |     4 |     1 |     3 |       ||     9
       Petrified         |       |       |       |     2 |       |       ||     2
       Confused          |       |       |       |       |     1 |       ||     1
       Paralysed         |       |       |       |       |     1 |       ||     1
Armor: Robe              |     3 |       |       |       |       |       ||     3
       Leather armour    |    23 |   101 |   179 |       |       |       ||   303
       Steam dragon scal |       |       |    19 |   222 |   266 |    21 ||   528
Dodge: Dodged            |    69 |   181 |   306 |   365 |   394 |    81 ||  1396
Block: Buckler           |       |       |    12 |   116 |   116 |    26 ||   270
